 Dungeon Crawl Stone Soup version 0.20.1-1-g8b1a95d (webtiles) character file.

109 Monsterracer the Chopper (level 4, -2/40 HPs)
             Began as a Hill Orc Chaos Knight on Oct 19, 2017.
             Slain by Natasha (6 damage)
             ... on level 2 of the Dungeon.
             The game lasted 00:02:14 (1538 turns).

Monsterracer the Chopper (Hill Orc Chaos Knight)    Turns: 1538, Time: 00:02:15

Health: -2/40      AC:  5    Str: 15    XL:     4   Next: 89%
Magic:  0/4        EV: 11    Int: 12    God:
Gold:   41         SH:  0    Dex: 10    Spells: 3/3 levels left

rFire    . . .     SeeInvis .   a - +0 hand axe (chaos)
rCold    . . .     Gourm    .   (no shield)
rNeg     . . .     Faith    .   b - +2 leather armour
rPois    .         Spirit   +   (no helmet)
rElec    .         Reflect  .   (no cloak)
rCorr    .         Harm     .   (no gloves)
MR       .....                  (no boots)
Stlth    +.........             f - amulet of guardian spirit
Regen    0.2/turn               (no ring)
MPRegen  0.1/turn               (no ring)

@: no status effects
A: no striking features
a: no special abilities


You were on level 2 of the Dungeon.
You were not hungry.

You visited 1 branch of the dungeon, and saw 2 of its levels.

You collected 41 gold pieces.

Inventory:

Hand Weapons
 a - a +0 hand axe of chaos (weapon)
Missiles
 h - a throwing net (quivered)
Armour
 b - a +2 leather armour (worn)
Jewellery
 f - an amulet of guardian spirit (around neck)
Scrolls
 d - a scroll of immolation {unknown}
 g - a scroll of random uselessness {unknown}
 i - a scroll of blinking {unknown}
Potions
 e - a potion of agility {unknown}
Comestibles
 c - 3 bread rations
 j - 2 chunks of flesh


   Skills:
 + Level 4.0 Fighting
 * Level 5.7 Axes
 + Level 3.1 Armour
 + Level 1.7 Dodging


You had 3 spell levels left.
You didn't know any spells.

Dungeon Overview and Level Annotations

Branches:
Dungeon (2/15)

Altars:
Sif Muna
Vehumet

Annotations:
D:2 Natasha


Message History

Natasha mumbles some strange words.
You closely miss Natasha. Natasha claws you!
* * * LOW HITPOINT WARNING * * *
Huge Dmg: -22%(-9hp) hp: 38%(15hp)
You hit Natasha. You freeze Natasha.
Natasha is moderately wounded.
Natasha closely misses you.
You hit Natasha.
Natasha is moving more slowly.
Natasha is heavily wounded.
Natasha mumbles some strange words.
You hit Natasha.
Natasha is severely wounded.
You barely miss the shadow imp.
The shadow imp lashes its tail.
The shadow imp hits you.
* * * LOW HITPOINT WARNING * * *
Huge Dmg: -12%(-5hp) hp: 28%(11hp)
You hit Natasha.
Natasha flickers and vanishes!
Deactivating autopickup; reactivate with Ctrl-A.
You hit the shadow imp. You burn the shadow imp. Something claws you.
* * * LOW HITPOINT WARNING * * *
The shadow imp hits you.
* * * LOW HITPOINT WARNING * * *
Huge Dmg: -18%(-7hp) hp: 10%(4hp)
You hit something.
Reactivating autopickup.
The shadow imp disappears in a puff of smoke! x2
Your Fighting skill increases to level 4!
Your Armour skill increases to level 3!
You feel a bit more experienced.
Things that are here:
a dagger; a goblin corpse; the felid corpse of Natasha
j - 2 chunks of flesh You see here a jackal skeleton.
You start resting.
Magic restored.
A bat comes into view.
You see here a stone.
The bat hits you but does no damage. The bat closely misses you.
You see here a jackal corpse.
You hit the bat.
The bat is severely wounded.
The bat hits you but does no damage.
You swing at nothing.
The bat hits you but does no damage.
You swing at nothing.
The bat barely misses you.
You barely miss the bat. The bat hits you but does no damage.
You swing at nothing.
The bat closely misses you.
You barely miss the bat.
The bat is severely wounded.
The bat closely misses you. The bat hits you but does no damage.
You swing at nothing.
The bat hits you but does no damage. x2
You slash the bat!
You kill the bat!
You swing at nothing.
Natasha, Servant of Life and Death comes into view.
Natasha is nearby!
You are too injured to fight recklessly!
Natasha hisses angrily.
Found 27 gold pieces and a green potion.
Found 7 gold pieces.
Natasha mumbles some strange words.
Natasha growls.
Natasha closely misses you.
You closely miss Natasha. Natasha barely misses you.
You barely miss Natasha. You barely miss the shadow imp.
Natasha closely misses you.
You hit Natasha but do no damage. You closely miss the shadow imp.
The shadow imp hits you. Natasha barely misses you.
Damage: -3%(-1hp) hp: 65%(26hp)
You miss Natasha. You barely miss the shadow imp.
The shadow imp gestures at you. Pain shoots through your body!
* * * LOW HITPOINT WARNING * * *
Natasha closely misses you.
Huge Dmg: -15%(-6hp) hp: 50%(20hp)
You closely miss Natasha.
You hit the shadow imp but do no damage.
The shadow imp gestures at you. Pain shoots through your body!
* * * LOW HITPOINT WARNING * * *
Natasha closely misses you.
Huge Dmg: -25%(-10hp) hp: 25%(10hp)
You hit Natasha. You freeze Natasha.
Natasha is heavily wounded.
You hit the shadow imp.
The shadow imp is poisoned.
Motes of dust swirl before your eyes. The shadow imp closely misses you.
Natasha claws you.
* * * LOW HITPOINT WARNING * * *
Huge Dmg: -15%(-6hp) hp: 10%(4hp)
You hit Natasha but do no damage.
Natasha is poisoned.
Natasha is heavily wounded.
You completely miss the shadow imp. The shadow imp closely misses you.
Natasha drinks a potion.
Natasha is healed!
Natasha looks more healthy.
You hit Natasha.
Natasha's magic leaks into the air.
Natasha is moderately wounded.
You barely miss the shadow imp. The shadow imp barely misses you.
Natasha claws you!
* * * LOW MAGIC WARNING * * *
You die...
Xom chuckles heartily!

#.#.# ###.......#
#.#.# #....>.....
..#.#####.#.##.##$#
###.)....÷))......#
#
###.###(#.##.#..#.#
#.###†#.##.#..$..
#.##..........#.#
#.#.............#
#.#....##@5..$..#
#.....###.h......
....#... #.......#
##...!.# #.......#
#...#.. .....!..#
#....$ .........
#........ #.....#.#


You could see Natasha and a shadow imp.

Vanquished Creatures
  Natasha (twice) (D:2)
  An adder (D:2)
  A worm (D:2)
  2 dart slugs (D:2)
  A giant cockroach (D:1)
  6 goblins
  3 hobgoblins
  8 jackals
  A quokka (D:2)
  6 bats
  2 frilled lizards (D:1)
  5 kobolds
  6 rats
44 creatures vanquished.

Notes
Turn   | Place    | Note
-------+----------+-------------------------------------------
     0 | D:1      | Monsterracer the Hill Orc Chaos Knight began the quest for the Orb.
     0 | D:1      | Reached XP level 1. HP: 19/19 MP: 1/1
     1 | D:1      | XOM: harmless Summ miscast
     8 | D:1      | XOM: divination: magic mapping
   226 | D:1      | HP: 9/19 [poisoned by a kobold]
   234 | D:1      | HP: 8/19 [poisoned by a kobold]
   263 | D:1      | XOM: harmless Hex miscast
   487 | D:1      | Reached XP level 2. HP: 26/26 MP: 2/2
   817 | D:1      | XOM: divination: magic mapping
   844 | D:1      | Reached skill level 1 in Dodging
   888 | D:1      | XOM: divination: detect items
  1065 | D:2      | Found a faded altar of an unknown god.
  1086 | D:2      | Reached XP level 3. HP: 33/33 MP: 3/3
  1129 | D:2      | Fell from the grace of Xom
  1129 | D:2      | Became a worshipper of Sif Muna the Loreminder
  1129 | D:2      | Reached * piety under Sif Muna
  1130 | D:2      | Fell from the grace of Sif Muna
  1218 | D:2      | Reached skill level 5 in Axes
  1252 | D:2      | Found a radiant altar of Vehumet.
  1319 | D:2      | Noticed Natasha
  1326 | D:2      | Killed Natasha
  1326 | D:2      | Reached XP level 4. HP: 36/40 MP: 4/4
  1341 | D:2      | Noticed Natasha
  1348 | D:2      | HP: 15/40 [Natasha (9)]
  1352 | D:2      | HP: 4/40 [shadow imp[Natasha] (4)]
  1353 | D:2      | Killed Natasha
  1527 | D:2      | Noticed Natasha
  1534 | D:2      | HP: 20/40 [shadow imp/nerve-wracking pain[Natasha] (7)]
  1536 | D:2      | HP: 4/40 [Natasha (6)]
  1538 | D:2      | Slain by Natasha

Skill      XL: |  1  2  3  4 |
---------------+-------------+-----
Dodging        | 1 |  1.7
Axes           | 5 |  5.7
Fighting       | 4 |  4.0
Armour         | 3 |  3.1

Action                   |  1- 3 |  4- 6 || total
-------------------------+-------+-------++-------
Melee: Hand axe          |   103 |    30 ||   133
Invok: Renounce Religion |     1 |       ||     1
 Stab: Paralysed         |     1 |       ||     1
       Petrified         |     3 |       ||     3
  Eat: Chunk             |     1 |     1 ||     2
Armor: Leather armour    |    34 |    18 ||    52
Dodge: Dodged            |    70 |    21 ||    91

Vault maps used:
D:1:      saegor_arrival_simple_f
D:2:      chequers_ecumenical_altar_island, lemuel_tele_altar, uniq_natasha
